 Dungeon Crawl Stone Soup version 0.21.1-1-g345015f (webtiles) character file.

8928 Supreme the Archer (level 11, 0/102 HPs)
             Began as a Centaur Hunter on Apr 22, 2018.
             Was an Elder of Okawaru.
             Slain by a killer bee (1 damage)
             ... on level 11 of the Dungeon on Apr 23, 2018.
             The game lasted 02:03:35 (11508 turns).

Supreme the Archer (Centaur Hunter)                Turns: 11508, Time: 02:03:39

Health: 0/102      AC:  5    Str: 14    XL:     11   Next: 16%
Magic:  0/12       EV: 12    Int: 10    God:    Okawaru [****..]
Gold:   385        SH:  0    Dex: 14    Spells: 10/10 levels left

rFire    . . .     SeeInvis .   o - +2 whip (venom)
rCold    . . .     Gourm    .   (no shield)
rNeg     + . .     Faith    .   S - +0 leather armour (curse)
rPois    .         Spirit   +   (no helmet)
rElec    .         Reflect  .   h - scarf {Spirit}
rCorr    .         Harm     .   m - +0 pair of gloves
MR       .....                  (no barding)
Stlth    +.........             (no amulet)
HPRegen  0.27/turn              x - ring of wizardry (curse)
MPRegen  0.13/turn              R - ring of positive energy (curse)

@: lethally poisoned (0 -> -17), about to teleport, hasted, very quick
A: large, hooves 3, deformed body, speed 2, tough skin 3
a: Heroism, Renounce Religion


You were on level 11 of the Dungeon.
You worshipped Okawaru.
Okawaru was greatly pleased with you.
You were very hungry.

You visited 2 branches of the dungeon, and saw 12 of its levels.

You collected 813 gold pieces.
You spent 428 gold pieces at shops.

Inventory:

Hand Weapons
 a - a +1 shortbow
 o - a +2 whip of venom (weapon)
 r - a +3 dagger of freezing
 t - a +7 club
 y - a +1 antimagic flail
 B - a +4 scimitar of flaming
 E - a +5 hand axe
 G - a +2 falchion of freezing
 J - a +1 dagger of protection
 O - a +2 dagger of chaos
Missiles
 g - 104 arrows
 j - 41 poisoned needles
 u - 2 throwing nets (quivered)
Armour
 c - a +0 leather armour
 h - a scarf of spirit shield (worn)
 m - a +0 pair of gloves (worn)
 K - a +0 robe of cold resistance
 S - a cursed +0 leather armour (worn)
Jewellery
 x - a cursed ring of wizardry (left hand)
 N - a +4 ring of strength
 R - a cursed ring of positive energy (right hand)
Wands
 k - a wand of enslavement (9)
 v - a wand of iceblast (16)
 A - a wand of acid (13)
 F - a wand of flame (23)
 I - a wand of disintegration (11)
 P - a wand of random effects (21)
Scrolls
 b - 8 scrolls of remove curse
 d - 7 scrolls of identify
 l - a scroll of blinking
 n - 2 scrolls of fog
 s - 3 scrolls of magic mapping
 w - a scroll of brand weapon
 z - a scroll of random uselessness
 C - a scroll of holy word {unknown}
 D - a scroll of immolation {unknown}
Potions
 e - 2 potions of brilliance
 i - 2 potions of flight
 p - 2 potions of degeneration
 q - 4 potions of might
 H - a potion of cancellation
Comestibles
 f - 27 rations


   Skills:
 + Level 11.4 Fighting
 - Level 14.0 Bows
 + Level 5.9 Dodging
 - Level 1.0 Stealth
 + Level 2.0 Invocations
 + Level 1.0 Evocations


You had 10 spell levels left.
You didn't know any spells.

Dungeon Overview and Level Annotations

Branches:
Dungeon (11/15)            Temple (1/1) D:5             Orc (0/2) D:10
   Lair: D:8-11

Altars:
Dithmenos
Fedhas
Makhleb
Nemelex Xobeh
Okawaru
Uskayaw
Zin
The Shining One

Shops:
D:7 %?(


Innate Abilities, Weirdness & Mutations

You have hooves in place of feet.
Armour fits poorly on your strangely shaped body.
You cover ground very quickly.
You have extremely tough skin. (AC +3)


Message History

Okay, then.
Unknown command.
You hit something but do no damage. Your kick misses something.
You feel sick. Something hits you.
* * * LOW HITPOINT WARNING * * *
Something hits you.
* * * LOW HITPOINT WARNING * * *
The killer bee barely misses you. The killer bee stings you!
* * * LOW HITPOINT WARNING * * *
You are more poisoned.
The killer bee poisons you! The killer bee barely misses you.
The adder closely misses you. The killer bee completely misses you.
It was a potion of haste.
You feel yourself speed up.
* * * LOW HITPOINT WARNING * * *
You feel sick. The killer bee barely misses you. The killer bee stings you!
* * * LOW HITPOINT WARNING * * *
The adder bites you but does no damage. Something barely misses you.
The killer bee closely misses you. The adder misses you.
The killer bee stings you.
You die...

#######+##
..........#
..........#
..........#
..........#
........S@#
........yy#
..........#
######'###
#..# #.##
#######.###
#.........#
#.........#


You could see 2 killer bees and an adder.

Vanquished Creatures
  Erica (D:9)
  3 two-headed ogres
  Psyche (D:10)
  A gargoyle (D:10)
  An ice statue (D:10)
  The ghost of Tiareth the Insei, an amateur DgTm (D:5)
  Prince Ribbit (D:5)
  Grinder (D:5)
  A hippogriff (D:8)
  Sigmund (D:3)
  A hungry ghost (D:9)
  2 soldier ants (D:5)
  Duvessa (D:4)
  2 ice beasts (D:9)
  A sky beast (D:10)
  A phantom (D:9)
  7 ogres
  3 centaurs
  2 crocodiles (D:8)
  2 big kobolds (D:8)
  9 bullfrogs
  A scorpion (D:7)
  Dowan (D:5)
  5 wights (D:8)
  8 killer bees
  5 crimson imps
  A bullfrog zombie (D:9)
  5 jellies
  2 orc priests (D:4)
  A centaur skeleton (D:7)
  3 hounds
  An iguana (D:9)
  6 orc wizards
  Ijyb (D:5)
  11 worker ants
  A killer bee zombie (D:9)
  3 hound skeletons
  11 gnolls
  12 adders
  A shadow imp (D:9)
  An adder zombie (D:9)
  An adder skeleton (D:5)
  4 worms
  5 leopard geckos
  20 orcs
  5 giant cockroaches
  4 goblins
  5 hobgoblins
  15 jackals
  12 kobolds
  5 quokkas
  2 ball pythons (D:1)
  A ball python zombie (D:5)
  10 bats
  3 frilled lizards
  A leopard gecko skeleton (D:5)
  A quokka skeleton (D:4)
  4 rats
221 creatures vanquished.

Vanquished Creatures (collateral kills)
  2 worker ants (D:5)
2 creatures vanquished.

Vanquished Creatures (others)
  An orc wizard (D:4)
1 creature vanquished.

Grand Total: 224 creatures vanquished

Notes
Turn   | Place    | Note
-------+----------+-------------------------------------------
     0 | D:1      | Supreme the Centaur Hunter began the quest for the Orb.
     0 | D:1      | Reached XP level 1. HP: 17/17 MP: 1/1
   424 | D:1      | Reached XP level 2. HP: 24/24 MP: 2/2
   471 | D:1      | Reached skill level 6 in Bows
   779 | D:2      | Reached XP level 3. HP: 29/29 MP: 3/3
  1471 | D:3      | Reached XP level 4. HP: 9/36 MP: 2/4
  1500 | D:3      | Noticed Sigmund
  1557 | D:3      | Reached skill level 7 in Bows
  1713 | D:3      | Found an iron altar of Okawaru.
  2130 | D:3      | Killed Sigmund
  2130 | D:3      | Reached XP level 5. HP: 31/45 MP: 5/5
  2130 | D:3      | Reached XP level 6. HP: 35/51 MP: 6/6
  2225 | D:3      | Reached skill level 8 in Bows
  2452 | D:3      | Became a worshipper of Warmaster Okawaru
  3019 | D:4      | Reached XP level 7. HP: 33/57 MP: 5/7
  3175 | D:4      | Reached skill level 9 in Bows
  3268 | D:4      | Reached * piety under Okawaru
  3314 | D:4      | Found a glowing silver altar of Zin.
  3315 | D:4      | Noticed an angel
  3531 | D:5      | Entered Level 5 of the Dungeon
  3531 | D:5      | Noticed Duvessa
  3531 | D:5      | Noticed Dowan
  3577 | D:5      | Noticed Prince Ribbit
  3604 | D:5      | Noticed Tiareth's ghost (amateur DgTm)
  3834 | D:5      | Killed Prince Ribbit
  3834 | D:5      | Reached skill level 10 in Bows
  3847 | D:5      | Killed Dowan
  3894 | D:4      | Killed Duvessa
  3894 | D:4      | Reached XP level 8. HP: 29/67 MP: 6/8
  3969 | D:5      | Noticed Ijyb
  4000 | D:5      | Killed Ijyb
  4078 | D:5      | Found a staircase to the Ecumenical Temple.
  4089 | Temple   | Entered the Ecumenical Temple
  4141 | D:5      | Reached ** piety under Okawaru
  4212 | D:5      | Killed Tiareth's ghost
  4212 | D:5      | Reached skill level 5 in Fighting
  4212 | D:5      | Reached skill level 11 in Bows
  4345 | D:5      | Found a runed door.
  4347 | D:5      | Found a runed door.
  4372 | D:5      | Noticed Grinder
  4387 | D:5      | Killed Grinder
  4486 | D:5      | Reached skill level 1 in Stealth
  4692 | D:5      | Reached *** piety under Okawaru
  4726 | D:5      | Reached skill level 12 in Bows
  4863 | D:5      | Reached XP level 9. HP: 33/75 MP: 4/9
  5399 | D:5      | Received a gift from Okawaru
  5835 | D:6      | Found a glowing golden altar of the Shining One.
  5975 | D:6      | Reached skill level 13 in Bows
  6492 | D:7      | Received a gift from Okawaru
  6896 | D:7      | Reached skill level 1 in Evocations
  7195 | D:7      | Found Boboesatza's Weapon Shop.
  7251 | D:7      | Found Qiej's Food Boutique.
  7335 | D:7      | Found Pebb's Magic Scroll Shop.
  7341 | D:7      | Bought a scroll of blinking for 97 gold pieces
  7341 | D:7      | Bought a scroll of brand weapon for 260 gold pieces
  7341 | D:7      | Bought a scroll of magic mapping for 45 gold pieces
  7341 | D:7      | Bought a scroll of fog for 26 gold pieces
  7591 | D:7      | Found a burning altar of Makhleb.
  7765 | D:8      | Received a gift from Okawaru
  8076 | D:8      | Reached skill level 14 in Bows
  8078 | D:8      | Reached XP level 10. HP: 86/86 MP: 7/10
  8180 | D:8      | Reached skill level 5 in Dodging
  8947 | D:9      | Noticed Erica
  9118 | D:9      | Noticed a two-headed ogre
  9171 | D:9      | Reached **** piety under Okawaru
  9579 | D:9      | Noticed a two-headed ogre
  9658 | D:9      | Killed a two-headed ogre
  9768 | D:9      | Killed a two-headed ogre
  9844 | D:9      | Reached skill level 10 in Fighting
  9897 | D:9      | Reached skill level 1 in Invocations
 10262 | D:9      | Killed Erica
 10357 | D:10     | Entered Level 10 of the Dungeon
 10367 | D:10     | Noticed a two-headed ogre
 10758 | D:10     | Noticed Psyche
 10772 | D:10     | Killed Psyche
 10777 | D:10     | Reached ***** piety under Okawaru
 10800 | D:10     | Noticed a gargoyle
 10895 | D:10     | Killed a gargoyle
 10895 | D:10     | Reached XP level 11. HP: 84/102 MP: 4/12
 11032 | D:10     | Found a staircase to the Orcish Mines.
 11233 | D:10     | Killed a two-headed ogre
 11508 | D:11     | HP: 1/102 [killer bee (6)]
 11508 | D:11     | Slain by a killer bee

Skill      XL: |  1  2  3  4  5  6  7  8  9 10 11 |
---------------+----------------------------------+-----
Bows           | 6 7 8 10 12 14 | 14.0
Dodging        | 2 3 4 5 |  5.9
Fighting       | 3 4 5 7 11 | 11.4
Stealth        | 1 |  1.0
Evocations     | 1 |  1.0
Invocations    | 1 2 |  2.0

Action                   |  1- 3 |  4- 6 |  7- 9 | 10-12 || total
-------------------------+-------+-------+-------+-------++-------
Melee: Short sword       |    13 |       |       |       ||    13
       Spear             |   108 |       |       |       ||   108
       Unarmed           |     5 |       |       |       ||     5
       Kick              |    16 |    17 |    49 |    30 ||   112
       Shortbow          |     1 |       |       |       ||     1
       Whip              |       |    60 |   138 |    52 ||   250
       Club              |       |       |    74 |    82 ||   156
       Dagger            |       |       |     6 |       ||     6
       Flail             |       |       |       |     4 ||     4
 Fire: Shortbow          |    17 |    71 |   222 |   242 ||   552
Throw: Throwing net      |       |       |     3 |       ||     3
Invok: Heroism           |       |       |     2 |     6 ||     8
       Finesse           |       |       |       |     2 ||     2
Evoke: Wand              |       |       |     5 |     1 ||     6
  Use: Scroll            |     6 |       |     5 |     3 ||    14
       Potion            |       |       |     2 |     2 ||     4
  Eat: Chunk             |     1 |     4 |    12 |     6 ||    23
       Ration            |       |       |       |     1 ||     1
Armor: Leather armour    |    62 |    55 |    75 |    43 ||   235
       Robe              |       |       |       |     5 ||     5
Dodge: Dodged            |    73 |    62 |   147 |    89 ||   371
